 Dungeon Crawl Stone Soup version 0.18.1-48-g4cf74bf (webtiles) character file.

2107 rjaguar3 the Digger (level 9, 0/52 HPs)
             Began as a Gargoyle Earth Elementalist on Sept 3, 2016.
             Slain by an orc warrior
             ... wielding a +0 mace
              (10 damage)
             ... on level 7 of the Dungeon.
             The game lasted 00:25:15 (7346 turns).

rjaguar3 the Digger (Gargoyle Earth Elementalist)   Turns: 7346, Time: 00:25:16

Health: 0/52       AC: 10    Str: 11    XL:     9   Next: 28%
Magic:  4/27       EV: 12    Int: 20    God:
Gold:   330        SH:  0    Dex: 10    Spells: 3 memorised, 12 levels left

rFire  . . .     SeeInvis .     J - +0 flail
rCold  . . .     Gourm    .     a - +0 robe
rNeg   + . .     Faith    .     (no shield)
rPois  ∞         Spirit   .     (no helmet)
rElec  +         Dismiss  .     (no cloak)
rCorr  .         Reflect  .     l - +0 pair of gloves
SustAt .         Harm     .     E - +0 pair of boots
MR     .....                    (no amulet)
Stlth  ++........               A - ring of wizardry
                                t - ring of magical power

@: about to teleport, not resistant to hostile enchantments, unstealthy
A: negative energy resistance 1, electricity resistance, unbreathing,
petrification resistance, rot immunity, AC +5
a: no special abilities


You were on level 7 of the Dungeon.
You were not hungry.

You visited 1 branch of the dungeon, and saw 7 of its levels.

You collected 330 gold pieces.

Inventory:

Hand Weapons
 J - a +0 flail (weapon)
Missiles
 b - 158 stones (quivered)
Armour
 a - a +0 robe (worn)
 l - a +0 pair of gloves (worn)
 C - the +1 leather armour of the Skies Above {Str+4 Slay+5, unknown}
   (You found it on level 4 of the Dungeon)

   It affects your strength (+4).
   It affects your accuracy and damage with ranged weapons and melee attacks
   (+5).
 E - a +0 pair of boots (worn)
Jewellery
 t - a ring of magical power (left hand)
 A - a ring of wizardry (right hand)
 G - an uncursed ring of wizardry
 M - a +4 ring of protection {unknown}
Wands
 w - a wand of flame (20/48)
 O - a wand of acid (9/15)
Scrolls
 e - a scroll of enchant weapon {unknown}
 g - 2 scrolls of blinking {unknown}
 h - a scroll of noise {unknown}
 j - a scroll of enchant armour {unknown}
 k - a scroll of fear {unknown}
 m - 2 scrolls of fog {unknown}
 o - 3 scrolls of remove curse
 s - a scroll of holy word {unknown}
 u - 2 scrolls of recharging {unknown}
 v - 3 scrolls of identify
 y - a scroll of magic mapping {unknown}
 z - a scroll of vulnerability {unknown}
 D - a scroll of random uselessness {unknown}
 I - 6 scrolls of teleportation
Potions
 f - 2 potions of brilliance {unknown}
 i - a potion of mutation {unknown}
 n - 4 potions of curing
 p - 3 potions of haste
 r - 2 potions of flight {unknown}
 x - a potion of beneficial mutation {unknown}
 B - 2 potions of resistance {unknown}
 F - a potion of ambrosia {unknown}
 H - a potion of agility {unknown}
 L - a potion of lignification {unknown}
Books
 c - a book of Geomancy

   Spells                             Type                      Level
   a - Sandblast                      Earth                        1
   b - Passwall                       Transmutation/Earth          2
   c - Stone Arrow                    Conjuration/Earth            3
   d - Petrify                        Transmutation/Earth          4
   e - Lee's Rapid Deconstruction     Earth                        5
 N - a Fen Folio

   Spells                             Type                      Level
   a - Corpse Rot                     Necromancy                   2
   b - Stone Arrow                    Conjuration/Earth            3
   c - Leda's Liquefaction            Hexes/Earth                  4
   d - Summon Forest                  Summoning/Translocation      5
   e - Hydra Form                     Transmutation                6
   f - Summon Hydra                   Summoning                    7
Comestibles
 d - 5 bread rations
 q - 8 meat rations
 K - 6 fruits
 P - 5 chunks of flesh


   Skills:
 + Level 3.7 Fighting
 + Level 2.9 Maces & Flails
 + Level 3.6 Armour
 - Level 1.5 Dodging
 - Level 2.1 Stealth
 * Level 6.6 Spellcasting
 + Level 4.6 Conjurations
   Level 0.7 Transmutations
 + Level 7.1 Earth Magic
 + Level 2.9 Evocations


You had 12 spell levels left.
You knew the following spells:

 Your Spells              Type           Power        Failure   Level  Hunger
a - Sandblast             Erth           #####.       1%          1    None
b - Stone Arrow           Conj/Erth      ####..       1%          3    #......
c - Lee's Rapid Deconstr  Erth           #####.....   7%          5    #####..


Dungeon Overview and Level Annotations

Branches:
Dungeon (7/15)             Temple (0/1) D:7

Altars:
Cheibriados
Nemelex Xobeh
Qazlal

Shops:
D:5 %

Annotations:
D:4 Sigmund
D:5 exclusions: howler monkey and worker ant, nikopol's ghost, novice MiBe
D:7 Joseph


Innate Abilities, Weirdness & Mutations

You are resistant to torment.
Your stone body is resilient (AC +5).
You are immune to poison.
You resist negative energy.
You are resistant to electric shocks.
You can survive without breathing.
You are immune to petrification.
You are immune to rotting.


Message History

* * * LOW HITPOINT WARNING * * *
The worker ant closely misses you.
Drink which item? (? for menu, Esc to quit)
It was a potion of curing.
You feel better.
Joseph shoots a sling bullet.
The sling bullet hits you!
* * * LOW HITPOINT WARNING * * *
The worker ant closely misses you.
Read which item? (? for menu, Esc to quit)
As you read the scroll labeled YNAUVOR KIMARHO, it crumbles to dust.
It is a scroll of identify.
Identify which item? (\ to view known items) (? for menu, Esc to quit)
o - 3 scrolls of remove curse The worker ant bites you but does no damage.
Joseph shoots a sling bullet.
The sling bullet hits you but does no damage.
Read which item? (? for menu, Esc to quit)
As you read the scroll labeled VUINLE MA HILI, it crumbles to dust.
You feel strangely unstable.
It was a scroll of teleportation.
The worker ant closely misses you. The orc warrior hits you with a mace!
You die...

##..##.........#...
##........@.......
###.....)........
##..)..(.#####
#..(##### #.%## .
##([##
....####....###
......a@o.....#
......###o.(...#
..### .)........
.........§.
........§§..
.....o.......
.............


You could see Joseph, an orc warrior, a worker ant and an orc.

Vanquished Creatures
  5 humans
  The ghost of Inkary the Covered, an amateur DsWn (D:6)
  Menkaure (D:7)
  An ice beast (D:6)
  A phantom (D:7)
  2 ogres
  2 scorpions
  A howler monkey (D:5)
  A centaur zombie (D:6)
  A crimson imp (D:5)
  4 orc priests
  2 centaur skeletons (D:6)
  A hound (D:6)
  An iguana (D:7)
  An orc wizard (D:7)
  8 worker ants
  6 adders
  2 shadow imps
  An ooze (D:6)
  3 worms
  A dart slug (D:1)
  4 giant geckos
  11 orcs
  A ball python (D:3)
  4 giant cockroaches
  4 goblins
  6 hobgoblins
  10 jackals
  7 quokkas
  5 bats
  A giant gecko skeleton (D:7)
  6 giant newts
  3 kobolds (D:2)
  3 rats
  A plant (D:1)
112 creatures vanquished.

Notes
Turn   | Place    | Note
--------------------------------------------------------------
     0 | D:1      | rjaguar3 the Gargoyle Earth Elementalist began the quest for the Orb.
     0 | D:1      | Reached XP level 1. HP: 10/10 MP: 3/3
    99 | D:1      | Found a snail-covered altar of Cheibriados.
   206 | D:1      | Reached XP level 2. HP: 15/15 MP: 3/5
   456 | D:1      | Reached skill level 4 in Earth Magic
   772 | D:2      | Reached XP level 3. HP: 19/19 MP: 4/6
   783 | D:2      | Learned a level 3 spell: Stone Arrow
   917 | D:2      | Found a sparkling altar of Nemelex Xobeh.
  1090 | D:2      | Reached XP level 4. HP: 24/24 MP: 3/8
  1185 | D:2      | Found a stormy altar of Qazlal.
  1836 | D:1      | Reached skill level 5 in Earth Magic
  2063 | D:3      | You fall through a shaft for 2 floors!
  2063 | D:5      | Entered Level 5 of the Dungeon
  2181 | D:5      | Found Pothrut's Food Emporium.
  2393 | D:5      | Reached XP level 5. HP: 28/28 MP: 8/10
  2411 | D:5      | Reached skill level 1 in Conjurations
  2535 | D:5      | Noticed nikopol's ghost (novice MiBe)
  2700 | D:5      | Reached XP level 6. HP: 32/32 MP: 4/12
  2931 | D:4      | Got a twisted leather armour
  3772 | D:3      | Found a faded altar to an unknown god.
  3807 | D:3      | Learned a level 5 spell: Lee's Rapid Deconstruction
  4360 | D:4      | Reached skill level 1 in Armour
  4567 | D:4      | Noticed Sigmund
  4592 | D:4      | Reached XP level 7. HP: 37/37 MP: 14/14
  4898 | D:4      | Reached skill level 1 in Fighting
  4898 | D:4      | Reached skill level 5 in Spellcasting
  5275 | D:5      | Reached skill level 6 in Earth Magic
  5275 | D:5      | Reached skill level 1 in Evocations
  5588 | D:6      | Reached skill level 1 in Maces & Flails
  5676 | D:6      | Noticed Inkary's ghost (amateur DsWn)
  5743 | D:6      | Reached XP level 8. HP: 39/44 MP: 16/16
  6865 | D:6      | Killed Inkary's ghost
  6865 | D:6      | Reached skill level 7 in Earth Magic
  6865 | D:6      | Reached XP level 9. HP: 44/51 MP: 6/18
  7278 | D:7      | Noticed Menkaure
  7280 | D:7      | Killed Menkaure
  7283 | D:7      | Found a staircase to the Ecumenical Temple.
  7334 | D:7      | Noticed Joseph
  7346 | D:7      | Slain by an orc warrior

Skill      XL: |  1  2  3  4  5  6  7  8 |
---------------+-------------------------+-----
Earth Magic    | 4 5 6 7 |  7.1
Spellcasting   | 3 4 5 6 |  6.6
Conjurations   | 1 2 3 4 |  4.6
Armour         | 1 3 |  3.6
Fighting       | 2 3 |  3.7
Evocations     | 1 2 |  2.9
Maces & Flails | 1 2 |  2.9
Dodging        | |  1.5
Stealth        | |  2.1
Transmutations | |  0.7

Action                   |  1- 3 |  4- 6 |  7- 9 || total
-------------------------+-------+-------+-------++-------
Melee: Dagger            |       |   198 |       ||   198
       Club              |       |    98 |       ||    98
       Flail             |       |       |    63 ||    63
 Cast: Sandblast         |    39 |    56 |     2 ||    97
       Stone Arrow       |       |    19 |    55 ||    74
       Lee's Rapid Decon |       |       |    15 ||    15
  Use: Scroll            |       |       |     2 ||     2
       Potion            |       |       |     1 ||     1
 Stab: Sleeping          |       |     4 |       ||     4
  Eat: Chunk             |     1 |    13 |     8 ||    22
       Pizza             |       |       |     1 ||     1
       Beef jerky        |       |       |     1 ||     1
       Bread ration      |       |       |     1 ||     1
Armor: Robe              |     8 |    67 |    45 ||   120
Dodge: Dodged            |    13 |   135 |    61 ||   209
